 Dungeon Crawl Stone Soup version 0.31.0-9-g3a7656b989 (webtiles) character file.

Game seed: 3461182746038558765

529 qw the Skirmisher (level 7, -22/40 HPs)
             Began as a Deep Elf Hunter on Feb 2, 2024.
             Annihilated by an ogre
             ... wielding a +0 giant club
              (28 damage)
             ... on level 5 of the Dungeon.
             The game lasted 00:00:11 (3039 turns).

qw the Skirmisher (Deep Elf Hunter)                 Turns: 3039, Time: 00:00:11

Health: -22/40     AC:  7    Str: 10    XL:     7   Next: 3%
Magic:  9/9        EV:  9    Int: 14    God:
Gold:   100        SH:  0    Dex: 18    Spells: 6/6 levels left

rFire   + . .        a - +0 shortbow
rCold   + . .        (shield currently unavailable)
rNeg    . . .        c - +1 scale mail {rF+}
rPois   .            (no helmet)
rElec   .            (no cloak)
rCorr   .            (no gloves)
SInv    .            (no boots)
Will    .....        (no amulet)
Stlth   +            b - ring of protection from cold
HPRegen 0.26/turn    (no ring)
MPRegen 0.11/turn

%: no passive effects
@: no status effects
A: no striking features
a: no special abilities


You were on level 5 of the Dungeon.
You visited 1 branch of the dungeon, and saw 5 of its levels.

You collected 100 gold pieces.


   Skills:
 - Level 2.1 Fighting
 + Level 10.5 Ranged Weapons
 - Level 1.3 Armour
 - Level 2.4 Dodging
 - Level 1.2 Stealth


You had 6 spell levels left.
You didn't know any spells.
Your spell library was empty.

Inventory:

Hand Weapons
 a - a +0 shortbow (weapon)
Armour
 c - a +1 scale mail of fire resistance (worn)
 e - a +1 ring mail
 j - a +2 helmet
Jewellery
 b - a ring of protection from cold (left hand)
 d - a ring of ice
Wands
 f - a wand of acid (5)
Scrolls
 i - a scroll of identify
Potions
 g - a potion of resistance
 h - 3 potions of curing
 k - a potion of mutation {unknown}
 l - a potion of haste {unknown}

Dungeon Overview and Level Annotations

Branches:
Dungeon (5/15)
 Temple: D:4-7

Altars:
Ashenzari
Kikubaaqudgha
Uskayaw

Shops:
D:1 (


Message History

The black bear claws you but does no damage.
The black bear claws you.
You shoot an arrow. The arrow hits the black bear!
The black bear is heavily wounded.
The black bear barely misses you.
The black bear claws you but does no damage.
The black bear closely misses you. x2; The black bear claws you.
The black bear claws you but does no damage.
You shoot an arrow. The arrow hits the black bear.
The black bear is severely wounded.
The black bear bites you but does no damage.
The black bear misses you. x2
You shoot an arrow. The arrow hits the black bear.
The black bear is severely wounded.
The black bear goes berserk!
3034 ||| ZAPPING wand of acid (6) at 1,0 (black bear; open_door).
Aiming: Corrosive Bolt
Press: ? - help, Q - select action, (/) - cycle Shift-Dir - straight line, f/p - black bear The bolt of acid hits the black bear!
The acid corrodes the black bear!
You kill the black bear!
The bolt of acid hits the ogre!
The acid corrodes the ogre!
The ogre is moderately wounded.
You have reached level 7!
You shoot an arrow. The arrow hits the ogre.
The ogre is moderately wounded.
The ogre closely misses you.
You shoot an arrow. The arrow hits the ogre!
The ogre is severely wounded.
The ogre hits you with a +0 giant club!!
Ouch! That really hurt!
You shoot an arrow. The arrow hits the ogre!
The ogre is almost dead.
The ogre hits you with a +0 giant club.
You shoot an arrow. The arrow barely misses the ogre.
You shoot an arrow.
The arrow hits the ogre but does no damage.
The ogre is almost dead.
The ogre hits you with a +0 giant club!!
Ouch! That really hurt!
You die...

..................#
.####.####.......#
. ...# #.......# #
##### ##......# ..
#......# ...
#......# ....
####'### .....
#.###......
#..@O......
#####...... .#.##
.. .# .. .


You could see an ogre (corroded).

Vanquished Creatures
  Sigmund (D:2)
  A black bear (D:5)
  A scorpion (D:4)
  A hound (D:4)
  A sleepcap (D:4)
  Ijyb (D:3)
  Terence (D:2)
  3 gnolls (D:4)
  2 adders
  A white imp (D:5)
  A ribbon worm (D:4)
  2 orcs
  3 ball pythons
  3 endoplasms
  9 goblins
  5 hobgoblins
  6 jackals
  A kobold (D:2)
  3 quokkas
  3 bats (D:3)
  A frilled lizard (D:3)
50 creatures vanquished.

Notes
Turn   | Place    | Note
-------+----------+-------------------------------------------
     0 | D:1      | qw the Deep Elf Hunter began the quest for the Orb.
     0 | D:1      | Reached XP level 1. HP: 12/12 MP: 3/3
     0 | D:1      | 0 ||| qw: Version: 0.3-a-155-g5e7d8dd
     0 | D:1      | 0 ||| qw: Game counter: 753
     0 | D:1      | 0 ||| qw: Melee chars always use a shield: true
     0 | D:1      | 0 ||| qw: God list: Okawaru
     0 | D:1      | 0 ||| qw: Allow faded altars: false
     0 | D:1      | 0 ||| qw: Do Orc after clearing Dungeon:15 true
     0 | D:1      | 0 ||| qw: Do second Lair branch before Depths: true
     0 | D:1      | 0 ||| qw: Lair rune preference: random
     0 | D:1      | 0 ||| qw: Goals: Normal
     0 | D:1      | 0 ||| PLANNING D:1-11
    78 | D:1      | Found Lubu's Weapon Shoppe.
   211 | D:1      | Found a faded altar of an unknown god.
   650 | D:1      | 650 ||| UPGRADING to +0 ring mail.
   660 | D:1      | 660 ||| DROPPING +0 leather armour.
   661 | D:1      | 661 ||| DROPPING scroll of butterflies.
   789 | D:2      | Noticed Sigmund
   794 | D:2      | 794 ||| DRINKING blue potion.
   798 | D:2      | Killed Sigmund
   799 | D:2      | Reached skill level 8 in Ranged Weapons
   799 | D:2      | Reached XP level 2. HP: 16/16 MP: 4/4
   799 | D:2      | Reached XP level 3. HP: 20/20 MP: 5/5
   799 | D:2      | Reached XP level 4. HP: 25/25 MP: 6/6
   799 | D:2      | Reached XP level 5. HP: 29/29 MP: 7/7
   941 | D:2      | Noticed Terence
   949 | D:2      | Killed Terence
   950 | D:2      | Reached skill level 9 in Ranged Weapons
  1146 | D:2      | 1146 ||| DROPPING ring of flight.
  1147 | D:2      | 1147 ||| READING scroll labelled HIUDITHRIUH.
  1147 | D:2      | 1147 ||| ENCHANTING +0 ring mail.
  1148 | D:2      | 1148 ||| READING scroll labelled MOSMOERUDGH.
  1148 | D:2      | 1148 ||| IDENTIFYING smoky ruby potion
  1149 | D:2      | 1149 ||| READING scroll labelled TOAR NUTTEU.
  1201 | D:2      | 1201 ||| DRINKING 2 yellow potions.
  1202 | D:2      | 1202 ||| DROPPING potion of attraction.
  1272 | D:3      | Noticed Ijyb
  1279 | D:3      | Killed Ijyb
  1515 | D:3      | Found a hide-covered altar of Uskayaw.
  1515 | D:3      | Found a broken altar of Ashenzari.
  2013 | D:3      | 2013 ||| UPGRADING to +1 scale mail of fire resistance.
  2023 | D:3      | 2023 ||| READING scroll of identify.
  2023 | D:3      | 2023 ||| IDENTIFYING bubbling silvery potion
  2024 | D:3      | 2024 ||| READING 2 scrolls labelled HABAUS BEESE.
  2025 | D:3      | 2025 ||| READING 2 scrolls labelled QOIT BIUPEZ ILOM.
  2026 | D:3      | 2026 ||| READING scroll labelled RUGIT GYKEEDU.
  2027 | D:3      | 2027 ||| READING scroll labelled OCORYVETIMOE.
  2028 | D:3      | 2028 ||| DROPPING scroll of noise.
  2029 | D:3      | 2029 ||| DROPPING scroll of revelation.
  2030 | D:3      | 2030 ||| DROPPING potion of lignification.
  2032 | D:3      | 2032 ||| Stepping ~*~*~tactically~*~*~ (cloud).
  2148 | D:4      | Reached skill level 1 in Armour
  2148 | D:4      | Reached XP level 6. HP: 35/35 MP: 8/8
  2621 | D:4      | 2621 ||| UPGRADING to ring of protection from cold.
  2622 | D:4      | 2622 ||| READING scroll labelled RULLIRAHAIP.
  2716 | D:4      | Identified the +0 leather armour of Sorcery {Rampage rElec
                  | rF- MP+9}
  2736 | D:4      | Found an ancient bone altar of Kikubaaqudgha.
  2894 | D:4      | 2894 ||| DROPPING +0 leather armour of Sorcery {Rampage
                  | rElec rF- MP+9}.
  2922 | D:5      | Entered Level 5 of the Dungeon
  2923 | D:5      | 2923 ||| PLANNING OSSUARY
  2980 | D:5      | Reached skill level 10 in Ranged Weapons
  3034 | D:5      | 3034 ||| ZAPPING wand of acid (6) at 1,0 (black bear;
                  | open_door).
  3035 | D:5      | Reached XP level 7. HP: 32/40 MP: 9/9
  3036 | D:5      | HP: 6/40 [ogre/+0 giant club (26)]
  3039 | D:5      | Annihilated by an ogre

Levels and vault maps discovered:
D:1:      minmay_arrival_diagonal_passages, layout_basic, serial_shops, shop,
          hellmonk_ecumenical_altar_heavens_door
D:2:      layout_basic, uniq_sigmund, uniq_terence
D:3:      corexii_shack_village, layout_loops_ring,
          nicolae_overflow_two_pavilions, uniq_ijyb
D:4:      layout_loops_ring, mainiacjoe_overflow_concentric_impassable,
          nicolae_the_louvre
D:5:      layout_basic, minmay_temple_entry_from_below_b,
          nicolae_ossuary_entry_giza, uniq_grinder, uniq_duvessa,
          uniq_blork_the_orc

Skill      XL: |  1  2  3  4  5  6 |
---------------+-------------------+-----
Ranged Weapons | 8 9 10 | 10.5
Fighting       | 2 |  2.1
Armour         | 1 |  1.3
Dodging        | |  2.4
Stealth        | |  1.2

Action                     |  1- 3 |  4- 6 |  7- 9 || total
---------------------------+-------+-------+-------++-------
   Fire: Shortbow          |    18 |   156 |     5 ||   179
  Evoke: Wand              |       |     1 |       ||     1
    Use: Potion            |     1 |     1 |       ||     2
         Scroll            |       |     9 |       ||     9
 Armour: Ring mail         |       |    33 |       ||    33
         Scale mail        |       |    40 |     3 ||    43
  Dodge: Dodged            |     3 |    59 |     1 ||    63

Table legend:
 A = Non-vault XP
 B = Vault XP
 C = Vault XP percentage of total XP
 D = Non-vault monster count
 E = Vault monster count
 F = Vault count percentage of total count
                 A         B        C        D         E       F
            +---------+---------+-------+---------+---------+-------
      Total |     433 |     323 |  42.7 |      41 |       9 |  18.0
            +---------+---------+-------+---------+---------+-------
        D:1 |       8 |       0 |   0.0 |       4 |       0 |   0.0
        D:2 |       8 |     275 |  97.2 |       4 |       2 |  33.3
        D:3 |      39 |      48 |  55.2 |      16 |       7 |  30.4
        D:4 |     234 |       0 |   0.0 |      14 |       0 |   0.0
        D:5 |     144 |       0 |   0.0 |       3 |       0 |   0.0
            +---------+---------+-------+---------+---------+-------
